 Dungeon Crawl Stone Soup version 0.27-a0-972-gd1521fd518 (webtiles) character file.

Game seed: 18062632523935065984

35 runemasterragnar the Insei (level 3, -1/28 HPs)
             Began as a Djinni Transmuter on Apr 14, 2021.
             Was a Follower of Nemelex Xobeh.
             Slain by an orc
             ... wielding a +0 hand axe
              (3 damage)
             ... on level 2 of the Dungeon.
             The game lasted 00:02:30 (2805 turns).

runemasterragnar the Insei (Djinni Transmuter)      Turns: 2805, Time: 00:02:31

Health: -1/28      AC:  2    Str: 10    XL:     3   Next: 35%
Gold:   30         EV: 12    Int: 14    God:    Nemelex Xobeh [*.....] SH:  0 Dex: 13

rFire    + + .     SeeInvis .     - Unarmed
rCold    x . .     Faith    .   (no shield)
rNeg     . . .     Spirit   .   a - +0 robe
rPois    ∞         Reflect  .   (helmet currently unavailable)
rElec    .         Harm     .   h - scarf {repulsion}
rCorr    .         Rampage  .   (no gloves)
Will     .....                  (boots unavailable)
Stlth    ++........             (no amulet)
HPRegen  0.09/turn              (no ring)
MPRegen  0.00/turn              (no ring)

@: appendages (expiring), flying, repel missiles
A: horns 2, flying, fire resistance 2, cold vulnerability 1, float, innate
caster, hp casting, extra vitality 1
a: End Transformation, Renounce Religion, Draw Escape, Draw Destruction, Draw
Summoning


You were on level 2 of the Dungeon.
You worshipped Nemelex Xobeh.
Nemelex Xobeh was aware of your devotion.
You had temporarily grown beastly horns.
You visited 1 branch of the dungeon, and saw 3 of its levels.

You collected 30 gold pieces.

Inventory:

Armour
 a - a +0 robe (worn)
 e - a +0 helmet (melded)
 h - a scarf of repulsion (worn)
Wands
 k - a wand of digging (8)
Scrolls
 c - a scroll of identify
 d - a scroll of noise {unknown}
 g - a scroll of blinking {unknown}
 m - a scroll of teleportation {unknown}
Potions
 b - 2 potions of attraction
 f - a potion of mutation {unknown}
 i - a potion of brilliance {unknown}
 j - a potion of heal wounds {unknown}
 l - a potion of haste {unknown}


   Skills:
 * Level 2.1 Fighting
 + Level 2.6 Dodging
 + Level 0.9 Stealth
 + Level 3.2 Unarmed Combat
 - Level 1.7 Spellcasting
 + Level 0.0 Invocations
 + Level 0.0 Evocations


You couldn't memorise any spells.
You knew the following spells:

 Your Spells              Type           Power      Damage    Failure   Level
a - Beastly Appendage     Tmut           12%        N/A       12%         1
b - Wereblood             Tmut           6%         N/A       19%         2
c - Spider Form           Tmut/Pois      3%         N/A       34%         3
d - Ice Form              Ice/Tmut       6%         N/A       75%         4
e - Hydra Form            Tmut           3%         N/A       97%         5
f - Pain                  Necr           24%        1d5       12%         1
Your spell library was empty.

Dungeon Overview and Level Annotations

Branches:
Dungeon (3/15)

Altars:
Nemelex Xobeh


Innate Abilities, Weirdness & Mutations

You have temporarily grown beastly horns.
You are flying.
You are immune to poison.
Your flesh is very heat resistant. (rF++)
You are vulnerable to cold. (rC-)
You float through the air rather than walking.
You learn spells naturally, not from books.
Your magical power is your life essence.
You have superior vitality. (+4 HP)


Message History

The orc shouts!
You hear a shout!
An orc comes into view. It is wielding a +0 flail.
An orc comes into view. It is wielding a +0 club.
An orc comes into view. It is wielding a +0 hand axe.
The orc shouts!
Your transformation is almost over.
The orc barely misses you. The orc hits you with a +0 hand axe.
You closely miss the orc. Your headbutt misses the orc.
The orc hits you with a +0 hand axe!
You hit the orc but do no damage. The orc hits you with a +0 hand axe. x2
You are too injured to fight recklessly!
You are too injured to fight recklessly!
The orc hits you but does no damage.
Found a green potion.
Your horns disappear.
Your +0 helmet unmelds from your body.
The orc hits you with a +0 hand axe.
There is a stone staircase leading up here.
The orc hits you with a +0 hand axe.
You fly upwards.
There is a stone staircase leading down here.
Casting: Beastly Appendage (safe; 12% risk of failure)
Confirm with . or Enter, or press ? or * to list all spells.
Okay, then.
Casting: Beastly Appendage (safe; 12% risk of failure)
Confirm with . or Enter, or press ? or * to list all spells.
You grow a pair of large bovine horns.
Your +0 helmet melds into your body.
* * * LOW HITPOINT WARNING * * *
The orc hits you with a +0 hand axe.
* * * LOW HITPOINT WARNING * * *
You hit the orc but do no damage. The orc hits you with a +0 hand axe.
* * * LOW HITPOINT WARNING * * *
You barely miss the orc. The orc hits you but does no damage.
As you read the scroll labelled OJIJOIR ULEWK, it crumbles to dust.
It is a scroll of identify.
b - 2 potions of attraction Your transformation is almost over.
The orc hits you with a +0 hand axe.
You die...
Your body disappears without a glow.

#.# #.# #..#######.#.#
#.#######.#####..........#.#
#.##.............#########.######
#.##.####.######.#########.......
#.##.# #......................##
#.##.# ########....##.#(#####.##
#....# ##..#.....#.# #... ######
#.....##.).## #### #.@..####.##
####.o..####.#
##########.........##.#
#..................##.#
#.########.........##.# #.#
####...#####.######### #.#
#...).............. #.#
#....###..######### #.# ##.#.#
#.##


You could see an orc.

Vanquished Creatures
  A dart slug (D:1)
  3 ball pythons
  2 bats
  2 endoplasms (D:2)
  2 giant cockroaches
  A hobgoblin (D:2)
  7 jackals
  5 kobolds
  2 frilled lizards
  2 goblins (D:1)
  A rat (D:2)
28 creatures vanquished.

Vanquished Creatures (others)
  A withered plant (D:2)
1 creature vanquished.

Grand Total: 29 creatures vanquished

Notes
Turn   | Place    | Note
-------+----------+-------------------------------------------
     0 | D:1      | runemasterragnar the Djinni Transmuter began the quest for
                  | the Orb.
     0 | D:1      | Reached XP level 1. HP: 17/17 MP: 0/0
   271 | D:1      | Reached XP level 2. HP: 16/22 MP: 0/0
  1716 | D:2      | Reached XP level 3. HP: 26/28 MP: 0/0
  1716 | D:2      | Learned a level 1 spell: Pain
  2480 | D:2      | Found a faded altar of an unknown god.
  2657 | D:2      | Became a worshipper of Nemelex Xobeh the Trickster
  2657 | D:2      | Reached * piety under Nemelex Xobeh
  2803 | D:2      | HP: 1/28 [orc/+0 hand axe (2)]
  2805 | D:2      | Slain by an orc

Illustrated notes

Levels and vault maps discovered:
D:1:      wander_arrival_fairy_ring, layout_basic
D:2:      layout_loops_ring, shapermc_ecumenical_altar_flowoftime,
          grunt_decor_junction, kennysheep_small_spiral,
          chequers_decorated_corner
D:3:      layout_basic, grunt_dithmenos_smoke_and_mirrors,
          hangedman_decor_peaks_small, minmay_misc_feat_room,
          nrook_loot_triangle

Skill      XL: |  1  2  3 |
---------------+----------+-----
Fighting       | 2 |  2.1
Dodging        | |  2.6
Stealth        | |  0.9
Unarmed Combat | |  3.2
Spellcasting   | |  1.7

Action                   || total
-------------------------++-------
Melee: Unarmed           ||    99
       Headbutt          ||     8
 Cast: Beastly Appendage ||    13
  Use: Scroll            ||     1
 Stab: Sleeping          ||     2
Armor: Robe              ||    17
Dodge: Dodged            ||    72

Table legend: (Time is in decaauts)
 A = Elapsed time spent in this place.
 B = Non-inter-level travel time spent in this place.
 C = Inter-level travel time spent in this place.
 D = Time resting spent in this place.
 E = Time spent auto-exploring this place.
 F = Levels seen in this place.
 G = Mean time per level.
                   A        B        C        D        E       F      G
               +--------+--------+--------+--------+--------+-----+--------+
         Total |   2800 |   2679 |    121 |    204 |   2213 |   3 |  933.3 |
       Dungeon |   2800 |   2679 |    121 |    204 |   2213 |   3 |  933.3 |
               +--------+--------+--------+--------+--------+-----+--------+

Top non-repeatable levels by time:
     D:2: 1482 daAuts
     D:1: 1289 daAuts
     D:3: 27 daAuts
